Cogmind - Beta 13 @@@ ROGUE MODE // 2024.05.22 @ 23:43:35 Player: BatSpy Result: Destroyed by VD-ON1(R) with Subdweller Laser Performance ------------- Evolutions (0) 0 Regions Visited (2) 400 Robots Destroyed (12) 60 Value Destroyed (312) 312 Prototype IDs (2) 40 Alien Tech Used (0) 0 Bonus (0) 0 TOTAL SCORE: 812 Bonus ------- None Cogmind --------- Core Integrity 0/250 Matter 283/300 Energy 250/250 System Corruption 0% Temperature Cool (6) Movement Walking (120) Location -10/Subcaves Parts ------- > --- POWER (1) -------- Ion Engine > --- PROPULSION (2) --- Aluminum Leg Aluminum Leg > --- UTILITY (2) ------ (None) > --- WEAPON (2) ------- Beam Rifle > --- INVENTORY (5) ---- Hover Unit Heat Sink Peak State ------------ > --- POWER ------------ Ion Engine > --- PROPULSION ------- Aluminum Leg Hover Unit > --- UTILITY ---------- Scrap Shield > --- WEAPON ----------- Beam Rifle > --- INVENTORY -------- Aluminum Leg Heat Sink [Rating: 9] Favorites ----------- Power Ion Engine Engine Ion Engine Propulsion Hover Unit Leg Aluminum Leg Wheel Compact Wheel Hover Unit Hover Unit Utility Signal Interpreter Processor Signal Interpreter Protection Scrap Shield Weapon Small Laser Energy Gun Small Laser Launcher Grenade Launcher Build | -11 -10 -10 ------- Run | Yrd Mat Sub Slots Evolved . | . . . Power . | . . . Propulsion . | . . . Utility . | . . . Weapon . | . . . Parts Attached 21 | 5 10 6 Power 2 | 1 1 . Engine 2 | 1 1 . Core . | . . . Reactor . | . . . Propulsion 12 | 2 6 4 Treads . | . . . Leg 3 | . 1 2 Wheel 2 | 2 . . Hover 7 | . 5 2 Flight . | . . . Utility 3 | . 2 1 Device . | . . . Storage . | . . . Processor 2 | . 2 . Hackware . | . . . Protection 1 | . . 1 Artifact . | . . . Weapon 4 | 2 1 1 Energy Gun 3 | 2 . 1 Energy Cannon . | . . . Ballistic Gun . | . . . Ballistic Cannon . | . . . Launcher 1 | . 1 . Special Weapon . | . . . Impact Weapon . | . . . Slashing Weapon . | . . . Piercing Weapon . | . . . Special Melee Weapon . | . . . Unidentified Prototypes . | . . . Parts Lost 9 | . 4 5 Power . | . . . Propulsion 5 | . 2 3 Utility 1 | . . 1 Weapon 3 | . 2 1 Highest Loss Streak 4 | . 4 3 To Critical Strikes . | . . . Average Slot Usage (%) 84 | . 87 77 Engine 14 | . 14 14 Leg 3 | . 1 7 Wheel 2 | . 3 . Hover 19 | . 20 18 Processor 21 | . 22 19 Protection 1 | . . 4 Energy Gun 18 | . 22 11 Launcher 1 | . 1 2 Naked Turns . | . . . Heaviest Build 26 | 8 8 26 Greatest Support 32 | 32 32 20 Greatest Overweight (x) 4 | . 1 4 Average Overweight (x) . | . . . Largest Inventory Capacity 5 | 5 5 5 Average Capacity 5 | 5 5 5 Most Carried 5 | 5 5 5 Average Carried 3 | 1 4 3 Final Capacity 5 | 5 5 5 Final Carried 4 | . 4 2 Class Distribution -------------------- 72% | Mutant 27% | Scavenger-Mutant Dominant Class ---------------- Mutant | -10/Materials Scavenger-Mutant | -10/Subcaves Resources | -11 -10 -10 ----------- Run | Yrd Mat Sub Matter Collected 423 | 228 112 83 Remotely . | . . . Salvage Created 361 | . 294 67 Parts 25 | . 23 2 Haulers Intercepted . | . . . Recyclers Shooed 1 | . 1 . Parts Field Recycled . | . . . Retrieved Matter . | . . . Parts Self-Destructed 5 | . . 5 Prevented . | . . . Kills | -11 -10 -10 ------- Run | Yrd Mat Sub Combat Hostiles Destroyed 8 | . 6 2 Melee 1 | . . 1 Guns 6 | . 5 1 AOE 1 | . 1 . Classes Destroyed 6 | . 4 2 Worker 1 | . 1 . Tunneler 1 | . 1 . Watcher 2 | . 2 . Swarmer 1 | . . 1 Grunt 6 | . 6 . Sentry 1 | . . 1 Best Kill Streak 4 | . 4 1 Combat Bots Only 3 | . 3 1 Max Kills in Single Turn 2 | . 2 1 Gunslinging . | . . . Exploded 1 | . 1 . Melee 1 | . . 1 Uniques/NPCs Destroyed . | . . . Combat | -11 -10 -10 -------- Run | Yrd Mat Sub Hostile Shots Fired 98 | . 49 49 Missed 30 | . 13 17 Damage Taken 1022 | . 446 576 Core 253 | . 105 148 Absorbed by Shields . | . . . Core Remaining (%) 100 | 100 . . Volleys Fired 43 | . 30 13 Largest 2 | . 2 1 Hottest 80 | . 80 56 Shots Fired 57 | . 44 13 Gun 49 | . 38 11 Cannon . | . . . Launcher 8 | . 6 2 Special . | . . . Kinetic . | . . . Thermal 35 | . 24 11 Explosive 8 | . 6 2 Electromagnetic 14 | . 14 . Robot Hit Streak 8 | . 8 5 Robot Miss Streak 3 | . 3 1 Penetration Max . | . . . Secondary Targets . | . . . Shots Hit Robots 33 | . 24 9 Core Hits 23 | . 18 5 Critical Kills . | . . . Critical Parts Destroyed . | . . . Critical Strikes 1 | . . 1 Burn 1 | . . 1 Melee Attacks . | . . . Impact . | . . . Slashing . | . . . Piercing . | . . . Sneak Attacks . | . . . Combat Hostiles . | . . . Follow-up Attacks . | . . . Damage Inflicted 547 | . 398 149 Guns 399 | . 298 101 Cannons . | . . . Explosions 121 | . 86 35 Melee . | . . . Ramming 27 | . 14 13 Kinetic . | . . . Thermal 283 | . 182 101 Explosive 121 | . 86 35 Electromagnetic 116 | . 116 . Impact . | . . . Slashing . | . . . Piercing . | . . . Highest Corruption . | . . . Average Corruption . | . . . Corruption Purged . | . . . Corruption Blocked . | . . . Overload Shots . | . . . Overflow Damage . | . . . Projectiles . | . . . Explosions . | . . . Melee . | . . . Knockbacks . | . . . Impact . | . . . Kinetic . | . . . Secondary . | . . . Self-Inflicted Damage 45 | . 40 5 Shots 1 | . 1 . Rammed 5 | . . 5 Targets Rammed 12 | . 7 5 Kicked 7 | . 7 . Crushed . | . . . Highest Temperature 192 | . 192 . Average Temperature 94 | . 94 . Received Heat Transfer 339 | . 222 117 Siege Activations . | . . . Robots Corrupted . | . . . Combat Hostiles . | . . . Parts Fried . | . . . Impact Corruptions . | . . . Robots Melted . | . . . Combat Hostiles . | . . . Parts Melted 1 | . 1 . Heat Transferred 758 | . 425 333 Parts Sabotaged . | . . . Parts Stolen . | . . . Parts Stripped . | . . . Power Chain Reactions . | . . . Alert | -11 -10 -10 ------- Run | Yrd Mat Sub Peak Influence 219 | . 219 . Initial . | . . . Average 99 | . 110 . Maximum Alert Level 1 | . 1 . Low Security (%) 90 | 100 89 . Level 1 9 | . 10 . Level 2 . | . . . Level 3 . | . . . Level 4 . | . . . Level 5 . | . . . High Security . | . . . Max Security . | . . . Squads Dispatched 2 | . 2 . Investigation 1 | . 1 . Extermination . | . . . Reinforcement 1 | . 1 . Assault . | . . . Garrison . | . . . Intercept . | . . . Searches Triggered . | . . . Construction Impeded . | . . . Haulers Reinforced . | . . . Active Scanning Responses . | . . . Cargo Convoy Interrupts . | . . . Stealth | -11 -10 -10 --------- Run | Yrd Mat Sub Distress Signals . | . . . Communications Jammed . | . . . Distress Signals . | . . . Times Spotted 28 | . 11 17 Peak Tracking Total 5 | . 3 5 Tactical Retreats 5 | . 1 4 Traps | -11 -10 -10 ------- Run | Yrd Mat Sub Traps Triggered 2 | . . 2 Indirectly . | . . . Trap Hack Attempts . | . . . Triggered . | . . . Disarmed . | . . . Reprogrammed . | . . . Reused . | . . . Traps Extracted . | . . . Installed . | . . . Triggered . | . . . Machines | -11 -10 -10 ---------- Run | Yrd Mat Sub Machines Disabled . | . . . Max in Single Turn . | . . . Machines Repaired . | . . . Machines Dismantled . | . . . Machines Sabotaged . | . . . Overloaded Fab Kills . | . . . Hacking | -11 -10 -10 --------- Run | Yrd Mat Sub Machines Accessed 4 | . 4 . Terminals 4 | . 4 . Fabricators . | . . . Repair Stations . | . . . Recycling Units . | . . . Scanalyzers . | . . . Garrison Access . | . . . Total Hacks 9 | . 9 . Successful 4 | . 4 . Failed 5 | . 5 . Catastrophic . | . . . Database Lockouts . | . . . Manual . | . . . Terminals 9 | . 9 . Fabricators . | . . . Repair Stations . | . . . Recycling Units . | . . . Scanalyzers . | . . . Garrison Access . | . . . Terminal Hacks 4 | . 4 . Prototype ID Bank 1 | . 1 . Alert Level 1 | . 1 . Locate Traps 1 | . 1 . Zone Layout 1 | . 1 . Fabricator Hacks . | . . . Repair Station Hacks . | . . . Recycling Unit Hacks . | . . . Scanalyzer . | . . . Garrison Access Hacks . | . . . Unauthorized Hacks . | . . . Terminals . | . . . Fabricators . | . . . Repair Stations . | . . . Recycling Units . | . . . Scanalyzers . | . . . Garrison Access . | . . . Data Cores Recovered . | . . . Used . | . . . Hacking Detections 4 | . 4 . Full Trace Events 1 | . 1 . Feedback Events . | . . . Feedback Blocked . | . . . Robot Schematics Acquired . | . . . Robots Built . | . . . Authchips . | . . . Time . | . . . Total Robot Build Rating . | . . . Part Schematics Acquired . | . . . Parts Built . | . . . Authchips . | . . . Time . | . . . Total Part Build Rating . | . . . Parts Repaired . | . . . Time . | . . . Parts Recycled . | . . . Recycled Matter . | . . . Retrieved Matter . | . . . Retrieved Components . | . . . Parts Scanalyzed . | . . . Part Schematics Acquired . | . . . Parts Damaged . | . . . Bothacking | -11 -10 -10 ------------ Run | Yrd Mat Sub Used RIF Installer . | . . . Robots Hacked . | . . . Non-combat . | . . . Combat . | . . . Robot Hacks Applied . | . . . Relay Couplers Released . | . . . Fabnet Peak Effective % . | . . . Robots Rewired . | . . . Allies Hacked . | . . . Hacks Repelled . | . . . Allies | -11 -10 -10 -------- Run | Yrd Mat Sub Total Allies . | . . . Largest Group . | . . . Highest-Rated Group . | . . . Highest-Rated Ally . | . . . Total Orders . | . . . Ally Attacks . | . . . Total Damage . | . . . Kills . | . . . Allies Corrupted . | . . . Allies Melted . | . . . Intel | -11 -10 -10 ------- Run | Yrd Mat Sub Robot Analysis Total . | . . . Derelict Logs Recovered 1 | . . 1 Drone Launches . | . . . Drone Recoveries . | . . . Exploration | -11 -10 -10 ------------- Run | Yrd Mat Sub Turns Passed 594 | 37 352 205 Spaces Moved 550 | 35 290 225 Core 23 | 15 3 5 Treads . | . . . Legs 29 | . 4 25 Wheels 56 | 20 36 . Hover 442 | . 247 195 Flight . | . . . Fastest Speed 50 | 50 56 56 Average Speed 68 | 78 64 72 Slowest Speed 300 | 100 130 300 Overloaded Moves . | . . . Propulsion Burnouts . | . . . Robots Hopped . | . . . Cave-ins Triggered . | . . . Exploration Rate (%) 18 | 3 39 14 Regions Visited 2 Branch Regions 1 Pre-discovered Areas 1 | . . 1 Known Exits Taken 1 | . 1 . Unknown Exits Taken 1 | 1 . . Scrap Searched . | . . . Spaces Dug 2 | . 2 . Terrain Destroyed 30 | . 23 7 Melee . | . . . Projectile . | . . . AOE 30 | . 23 7 Terrain Rammed . | . . . Walls Destroyed . | . . . Machines Disabled . | . . . Actions | -11 -10 -10 --------- Run | Yrd Mat Sub Total 706 | 44 409 253 Wait 58 | . 58 . Move 548 | 34 289 225 Hop . | . . . Pick Up 17 | 5 10 2 Fast Attach 4 | . 3 1 Attach 11 | 5 2 4 Detach . | . . . Swap 6 | . 5 1 Drop 7 | . 5 2 Fire 43 | . 30 13 Melee . | . . . Ram 5 | . . 5 Kick 7 | . 7 . Crush . | . . . Escape Stasis . | . . . Rewire . | . . . Trap . | . . . Miscellaneous . | . . . Route ------- -11/Scrapyard -10/Materials (discovered 4 exits: *Mat x2 / [*Min] / *Sub) -10/Subcaves (discovered 2 exits: *Mat / [*Rec]) History --------- Turn | Location | Event 22 | -11/Scrapyard | Discovered new exit (range 13) 38 | -11/Scrapyard | Entered Materials 94 | -10/Materials | Discovered new exit (range 13) 161 | -10/Materials | Discovered new exit (range 8) 257 | -10/Materials | Discovered new exit (range 5) 260 | -10/Materials | Identified exit to Materials 308 | -10/Materials | Build established: Mutant 363 | -10/Materials | Lost 4 parts (2n2w) 385 | -10/Materials | Discovered new exit (range 6) 390 | -10/Materials | Identified exit to Subcaves 390 | -10/Materials | Entered Subcaves 434 | -10/Subcaves | Core integrity fell below 50% 448 | -10/Subcaves | Discovered new exit (range 12) 461 | -10/Subcaves | Lost 3 parts (2n1w) 474 | -10/Subcaves | Identified exit to Materials 489 | -10/Subcaves | Ambushed by angry Subdweller bent on revenge 516 | -10/Subcaves | Shifting Twisted Machinery released Slug Cannon 517 | -10/Subcaves | Discovered new exit (range 13) 522 | -10/Subcaves | Learned location of Zion (-6) 526 | -10/Subcaves | Shifting Twisted Machinery released Scrap Shield 527 | -10/Subcaves | Core integrity fell below 20% 595 | -10/Subcaves | Destroyed by VD-ON1(R) with Subdweller Laser Last Messages --------------- CV-LDN(R): "SUBHATE!" CV-LDN(R) destroyed. Slug Cannon falls loose from the Twisted Machinery. EXIT=FOUND Acquired 3 matter. Acquired derelict log, extracted data. World map updated: -6/Zion. Scrap Shield falls loose from the Twisted Machinery. Acquired Scrap Shield. Discarded Visual Processing Unit. Hover Unit destroyed. Discarded Signal Interpreter. S-10 Pest suffers critical hit (Burn). Destroyed Lgt. Ion Engine. S-10 Pest destroyed. Acquired 8 matter. Critical hit (Destroy). Scrap Shield destroyed. Map ----- +----------------------------------------------------+ | ????????????????????????????# "" #?# ###????? | | ????????????????????????????# "#### ## ## ##???? | | ????????????????????????????# ## ### # #???? | | ????????????????????????????#"""# # # #???? | | ???????????????????????????### ## " ##???? | | ??????????????????????????## "### ## ###????? | | ??????????????????????????# ###### " ##??????? | | ??????????????????????????# #?## " #???????? | | ??????????????????????????# %"" ### " ####????? | | ??????????????????????????# [#### " "" ####?? | | ??????????????????????????# #### " """ ### | | ???????????????# #####??#?# ## "" "" % | | ???????????????# # # "" " " | | ???????????????# % %" """ | | ???????????? ### # ##" # | | ???????????? ### # ##### "" ##?#" # | | ?????????????? ? ?????####" #???#" " #??? # | | ??????????????????? ???????## ##???#"%"" #???? % | | ??????????????##?## ???????#"" #???""]"" ??? | | ??????????????# ## ?????#### ##??"%& % ?? | | ??????????????# ????## # "#?? !& % #? | | ??????????????? ????# ""#??###%! #### #??? | | ???????????????? ????# ## #??? = ??? ??? | | ????????????????? ????#g###?##??? ???? ?? | | ?????????????????# ???##g##?????? ???# ? | | ?????????????????# ##### @ ##????? ?????###? | | ?????????????????# #????" " " "???????? | | ????????????????## R ##????"""" """"???????? | | ????????????????# R ####??????###<####???????? | | ????????????????# ##????????????#???????????? | | ???????????????# ###?????????????????????????? | | ??????????????# ## #??????????????????????????? | | ??????????????# ?# ##??????????????????????????? | | ??????????????# ??# #???????????????????????????? | | ??????????????#???## ???????????????????????????? | | ??????????????????? ??????????????????????????? | | ??????????????????? ##??????????????????????????? | | ??????????????????? ##???????????????????????????? | | ??????????????????? ?????????????????????????????? | | ??????????????????? ?????????????????????????????? | | ??????????????????? ?????????????????????????????? | | ???????????????????#?????????????????????????????? | | ?????????????????????????????????????????????????? | | ?????????????????????????????????????????????????? | | ?????????????????????????????????????????????????? | | ?????????????????????????????????????????????????? | | ?????????????????????????????????????????????????? | | ?????????????????????????????????????????????????? | | ?????????????????????????????????????????????????? | | ?????????????????????????????????????????????????? | +----------------------------------------------------+ Best States ------------- Heat Dissipation 25 Energy Generation 10 Energy Capacity 250 Matter Stores 300 Matter Capacity 300 Sight Range 18 Terrain Scan Density 10 Armor Coverage 800 Evasion (%) 53 Item Schematics ----------------- None Robot Schematics ------------------ None Fabricated ------------ Nothing Alien Tech Used ----------------- None Achievements -------------- Fist Fight Challenges ------------ None Game ------ Seed WarpEfficiencyNeutralizer Manual? 0 Play Time 00:11:02 Cumulative 18.6 hours Start 2024.05.22 @ 23:34:33 End 2024.05.22 @ 23:43:35 Sessions 1 Manual Loads 0 Difficulty Rogue Special Mode None Game No. 35 Rogue 35 Adventurer 0 Explorer 0 Win Type - Total 0 Types 0/0/0/0/0/0/0/0/0 Lore% 22 Gallery% 29 Achievement% 24 Wizard Run 0 Options --------- Layout 1 ASCII 0 Keyboard 0 Movement Mouse Keybinds 0 Fullscreen 2 Font 32/SmallcapsGlow Map View 50x35 Zoom Use 0% Tactical HUD 0 Map Filters NONE Filters NONE Steam 1 RUN: fbe442d6-2214-4b60-a7da-9af2d9a3722a